 Dungeon Crawl Stone Soup version 0.27.1-33-g824d729ab1 (webtiles) character file.

Game seed: 14425010644962735814

224 DenSaoPin the Ruffian (level 5, -11/50 HPs)
             Began as a Troll Berserker on Nov 25, 2021.
             Was a Believer of Trog.
             Mangled by a gnoll (19 damage)
             ... on level 3 of the Dungeon.
             The game lasted 00:04:25 (1865 turns).

DenSaoPin the Ruffian (Troll Berserker)             Turns: 1865, Time: 00:04:27

Health: -11/50     AC:  4    Str: 25    XL:     5   Next: 67%
Magic:  4/4        EV: 18    Int:  4    God:    Trog [**....]
Gold:   147        SH:  0    Dex:  9    Spells: 4/4 levels left

rFire    . . .     SeeInvis .     - Unarmed
rCold    . . .     Faith    .   (no shield)
rNeg     . . .     Spirit   .   a - +0 animal skin
rPois    .         Reflect  .   (helmet restricted)
rElec    .         Harm     .   f - scarf {repulsion}
rCorr    .         Rampage  .   (gloves unavailable)
Will     .....                  (boots unavailable)
Stlth    +.........             (no amulet)
HPRegen  1.16/turn              l - +4 ring of evasion
MPRegen  0.09/turn              n - +4 ring of evasion

@: repel missiles
A: large, unfitting armour, claws 3, regeneration 1, shaggy fur 1, tough skin 1
a: Renounce Religion, Berserk, Trog's Hand


You were on level 3 of the Dungeon.
You worshipped Trog.
Trog was pleased with you.
You visited 1 branch of the dungeon, and saw 3 of its levels.

You collected 147 gold pieces.

Inventory:

Missiles
 o - 27 stones (quivered)
Armour
 a - a +0 animal skin (worn)
 f - a scarf of repulsion (worn)
Jewellery
 d - a ring of poison resistance
 l - a +4 ring of evasion (left claw)
 n - a +4 ring of evasion (right claw)
Scrolls
 b - a scroll of teleportation {unknown}
 e - a scroll of fog {unknown}
 g - a scroll of vulnerability {unknown}
 h - 3 scrolls of enchant armour {unknown}
 j - 4 scrolls of identify {unknown}
 m - a scroll of noise {unknown}
Potions
 c - a potion of mutation {unknown}
 i - a potion of brilliance {unknown}
 k - a potion of attraction {unknown}


   Skills:
 - Level 2.4 Fighting
 - Level 2.4 Dodging
 + Level 6.5 Unarmed Combat


You had 4 spell levels left.
You didn't know any spells.
Your spell library was empty.

Dungeon Overview and Level Annotations

Branches:
Dungeon (3/15)

Altars:

Shops:
D:3 *

Annotations:
D:3 1 transporter, CrazyMind's ghost, amateur HuFi


Innate Abilities, Weirdness & Mutations

You are too large for most types of armour.
You have claws for hands.
Your natural rate of healing is unusually fast.
You are covered in fur. (AC +1)
You have tough skin. (AC +1)


Message History

There is a stone staircase leading down, spattered with blood here.
Partly explored, unvisited transporter.
Partly explored, unvisited transporter.
The gnoll shouts!
You hear a shout! x2
You enter the shallow water.
Moving in this stuff is going to be slow.
The gnoll shouts!
You hear a shout!
Something hits the plant.
The plant begins to die.
You see here the felid corpse of Natasha.
The gnoll shouts!
You hear a shout!
There is a transporter landing site here.
You can't go down here!
A nearby plant withers and dies.
You enter the shallow water.
Moving in this stuff is going to be slow.
The gnoll shouts!
You see here the felid skeleton of Natasha.
There is a transporter here.
You enter the transporter and appear at another place.
The gnoll barely misses you. The gnoll misses you.
You mangle the gnoll!!
You kill the gnoll!
Trog accepts your kill.
The gnoll throws a throwing net.
The throwing net misses you. The gnoll completely misses you.
You barely miss the gnoll. The gnoll barely misses you.
You claw the gnoll!
The gnoll is almost dead.
The gnoll hits you with a +0 halberd of electrocution!
You are electrocuted!!
The gnoll hits you from afar with a +0 vampiric halberd!
* * * LOW HITPOINT WARNING * * *
You barely miss the gnoll.
The gnoll is almost dead.
The gnoll misses you.
The gnoll hits you with a +0 halberd of electrocution.
* * * LOW HITPOINT WARNING * * *
You are electrocuted!!
You die...

#..≈≈#...........#≈≈..#
#..≈≈###.##'##.###≈≈..# #..≈≈..#.
.#.#..≈≈..# #..≈≈.##g #.##.≈≈..#
#..≈≈.#g. #.g#.≈≈..#
#..≈≈.##.#####.##.≈≈..#
#......#.#8⌠8#.#..≈≈..#
#.....©#('.g.gg#©.≈÷..#
#......#.#.@.#g#..≈≈..#
#..≈≈.##.##.##.##.≈≈..#
######..≈≈.#..#...#.g#.≈≈..######
#.......≈≈.##.#⌠.⌠#.##.≈≈........
#.......≈≈..#.#...#.#..≈≈..##....
#.......≈≈###.##'##.###≈≈..##....
#..÷....≈≈#...........#≈≈..[...).
#.....[.≈≈##.###.###.##≈≈..#.....
#.......≈≈#..#8###8#..#≈≈..##....


You could see 3 gnolls.

Vanquished Creatures
  A water moccasin skeleton (D:3)
  Natasha (thrice) (D:3)
  A gnoll (D:3)
  3 adders
  2 dart slugs (D:1)
  2 orcs (D:3)
  7 ball pythons
  5 bats
  4 endoplasms
  A giant cockroach (D:3)
  6 goblins
  7 hobgoblins
  3 jackals (D:2)
  5 kobolds
  2 quokkas
  2 frilled lizards
  4 rats
58 creatures vanquished.

Vanquished Creatures (others)
  6 plants (D:3)
6 creatures vanquished.

Grand Total: 64 creatures vanquished

Notes
Turn   | Place    | Note
-------+----------+-------------------------------------------
     0 | D:1      | DenSaoPin the Troll Berserker began the quest for the Orb.
     0 | D:1      | Reached XP level 1. HP: 22/22 MP: 0/0
   322 | D:1      | Reached XP level 2. HP: 29/29 MP: 1/1
   323 | D:1      | Found a faded altar of an unknown god.
   929 | D:2      | Reached skill level 4 in Unarmed Combat
   957 | D:2      | Reached XP level 3. HP: 27/36 MP: 2/2
  1079 | D:2      | Reached ** piety under Trog
  1380 | D:3      | Reached XP level 4. HP: 44/44 MP: 3/3
  1397 | D:3      | Reached skill level 5 in Unarmed Combat
  1458 | D:3      | Found Ruj Ziqy's General Store.
  1485 | D:3      | Noticed Natasha
  1490 | D:3      | Killed Natasha
  1491 | D:3      | Reached XP level 5. HP: 45/50 MP: 4/4
  1499 | D:3      | Noticed Natasha
  1502 | D:3      | Killed Natasha
  1503 | D:3      | Reached skill level 6 in Unarmed Combat
  1555 | D:3      | Found a transporter.
  1596 | D:3      | Noticed Natasha
  1598 | D:3      | Noticed CrazyMind's ghost (amateur HuFi)
  1603 | D:3      | Found a transporter.
  1606 | D:3      | Killed Natasha
  1865 | D:3      | Mangled by a gnoll

Illustrated notes

Levels and vault maps discovered:
D:1:      minmay_arrival_up_and_down, layout_basic,
          hellmonk_ecumenical_altar_crossroads
D:2:      layout_rooms
D:3:      layout_rooms, gammafunk_ghost_gnarly_gnolls, serial_shops, shop,
          uniq_natasha

Skill      XL: |  1  2  3  4  5 |
---------------+----------------+-----
Unarmed Combat | 4 5 6 |  6.5
Fighting       | |  2.4
Dodging        | |  2.4

Action                   |  1- 3 |  4- 6 || total
-------------------------+-------+-------++-------
Melee: Unarmed           |    87 |    32 ||   119
       Punch             |     1 |     1 ||     2
 Stab: Sleeping          |     1 |       ||     1
Armor: Animal skin       |    27 |     8 ||    35
Dodge: Dodged            |    38 |    22 ||    60
